 Dungeon Crawl Stone Soup version 0.30-b1-2-g02819fbbbe (webtiles) character file.

Game seed: 2145211339459173122

11 Alarkh the Charlatan (level 2, 22/22 HPs)
             Began as a Demonspawn Artificer on July 11, 2023.
             Got out of the dungeon alive.
             The game lasted 00:00:19 (201 turns).

Alarkh the Charlatan (Demonspawn Artificer)          Turns: 201, Time: 00:00:19

Health: 22/22      AC:  3    Str: 12    XL:     2   Next: 17%
Magic:  2/2        EV: 11    Int: 12    God:
Gold:   18         SH:  0    Dex: 13    Spells: 1/1 levels left

rFire   . . .        a - +0 club
rCold   . . .        (no shield)
rNeg    . . .        b - +0 leather armour
rPois   .            (helmet restricted)
rElec   .            (no cloak)
rCorr   .            (no gloves)
SInv    .            (no boots)
Will    .....        (no amulet)
Stlth   +            (no ring)
HPRegen 0.23/turn    (no ring)
MPRegen 0.08/turn

%: no passive effects
@: no status effects
A: horns 1
a: no special abilities


You escaped.
You visited 1 branch of the dungeon, and saw 1 of its levels.

You collected 18 gold pieces.

Inventory:

Hand Weapons
 a - a +0 club (weapon)
Armour
 b - a +0 leather armour (worn)
Wands
 c - a wand of flame (13) (quivered)
 d - a wand of charming (15)
 e - a wand of iceblast (5)
Potions
 f - a potion of degeneration {unknown}


   Skills:
 + Level 2.2 Fighting
 - Level 1.7 Armour
 - Level 0.8 Dodging
 - Level 0.8 Stealth
 - Level 3.0 Evocations


You had one spell level left.
You didn't know any spells.
Your spell library was empty.

Dungeon Overview and Level Annotations

Branches:
Dungeon (1/15)

Altars:

Annotations:
D:1 2 transporters


Innate Abilities, Weirdness & Mutations

You have a pair of small horns on your head.


Message History

You kill the hobgoblin!
A kobold comes into view. It is wielding a +0 short sword.
The ball python bites you. The ball python grabs you.
The ball python constricts you.
You have reached level 2!
Your demonic ancestry asserts itself...
A pair of horns grows on your head!
You hit the ball python.
The ball python is severely wounded.
The ball python barely misses you. The ball python constricts you.
You closely miss the ball python. You headbutt the ball python.
You kill the ball python!
The kobold barely misses you.
You hit the kobold but do no damage. The kobold misses you.
You hit the kobold.
You headbutt the kobold, but do no damage.
The kobold is severely wounded.
The kobold barely misses you.
You hit the kobold but do no damage.
The kobold is severely wounded.
The kobold hits you with a +0 dagger. The kobold hits you but does no damage.
You closely miss the kobold. Your headbutt misses the kobold.
The kobold is severely wounded.
The kobold closely misses you.
You hit the kobold but do no damage. Your headbutt misses the kobold.
The kobold is severely wounded.
The kobold hits you but does no damage.
You hit the kobold.
You kill the kobold!
The kobold throws a stone.
The stone closely misses you.
You hit the kobold. You headbutt the kobold.
You kill the kobold!
There is a stone staircase leading down here.
Items here: ( )) †.
You see here 5 stones.
You enter the shallow water.
Moving in this stuff is going to be slow.
There is a staircase leading out of the dungeon here.
Are you sure you want to leave the Dungeon?
This will make you lose the game!
You have escaped!

..## #........# #.##.#
....##.#......#####.##†##
............(............
.....~≈≈≈.≈≈~...###.##.##
....~≈≈≈~≈≈≈≈≈..#...##>#.
....≈≈≈~≈≈≈≈≈≈~.#.####...
....≈≈~~~~≈≈≈≈≈........##
....≈≈~...~≈≈≈≈.....#....
...#≈~.©@©.~≈≈≈≈.........
....≈~~.⌠.~~≈≈≈≈.........
....≈≈≈~~~~≈≈≈≈~.........
....~≈≈≈≈≈≈≈≈≈≈≈~........
.....~≈≈≈≈≈~~~~≈≈........
.....≈≈≈≈≈~.⌠.~≈≈.?......
.....≈≈≈≈~(©>©.~
.....~≈≈~~...~≈


There were no monsters in sight!

Vanquished Creatures
  2 ball pythons (D:1)
  An endoplasm (D:1)
  A goblin (D:1)
  2 hobgoblins (D:1)
  A frilled lizard (D:1)
  3 kobolds (D:1)
10 creatures vanquished.

Notes
Turn   | Place    | Note
-------+----------+-------------------------------------------
     0 | D:1      | Alarkh the Demonspawn Artificer began the quest for the
                  | Orb.
     0 | D:1      | Reached XP level 1. HP: 15/15 MP: 1/1
   171 | D:1      | Gained mutation: You have a pair of small horns on your
                  | head. [demonic ancestry]
   171 | D:1      | Reached XP level 2. HP: 15/22 MP: 2/2
   201 | D:$      | Got out of the dungeon alive.

Illustrated notes

Levels and vault maps discovered:
D:1:      spicycebolla_arrival_transporter_tutorial, layout_rooms, hex_tiny

Skill      XL: |  1 |
---------------+----+-----
Fighting       | 2 |  2.2
Armour         | |  1.7
Dodging        | |  0.8
Stealth        | |  0.8
Evocations     | |  3.0

Action                     || total
---------------------------++-------
  Melee: Club              ||    35
         Headbutt          ||     3
  Evoke: Wand              ||     2
 Armour: Leather armour    ||    13
  Dodge: Dodged            ||    26
